 Dungeon Crawl Stone Soup version 0.31-a0-986-g5e6e4ef867 (webtiles) character file.

Game seed: 1906812037559562329

299 lessens the Ducker (level 6, 0/51 HPs)
             Began as a Gnoll Gladiator on Nov 8, 2023.
             Was an Initiate of Jiyva.
             Slain by a cerulean imp
             ... wielding a +2 spear
             ... summoned by Natasha
              (1 damage)
             ... on level 4 of the Dungeon.
             The game lasted 00:04:15 (2753 turns).

lessens the Ducker (Gnoll Gladiator)                Turns: 2753, Time: 00:04:16

Health: 0/51       AC:  7    Str: 16    XL:     6   Next: 36%
Magic:  9/9        EV: 12    Int:  7    God:    Jiyva [......]
Gold:   96         SH:  0    Dex: 13    Spells: 9/9 levels left

rFire   + . .        a - +0 war axe
rCold   . . .        (no shield)
rNeg    . . .        v - +0 scale mail
rPois   +            c - +0 helmet
rElec   .            (no cloak)
rCorr   .            (no gloves)
SInv    .            (no boots)
Will    .....        (no amulet)
Stlth   +            i - ring of protection from fire
HPRegen 0.28/turn    w - ring of poison resistance
MPRegen 0.11/turn

%: no passive effects
@: no status effects
A: fangs 1, strong nose, distributed training
a: Renounce Religion


You were on level 4 of the Dungeon.
You worshipped Jiyva.
Jiyva was noncommittal.
You visited 2 branches of the dungeon, and saw 5 of its levels.

You collected 96 gold pieces.

Inventory:

Hand Weapons
 a - a +0 war axe (weapon)
Missiles
 d - 4 throwing nets
 f - 3 poisoned darts
 g - 36 stones
Armour
 b - a +0 leather armour
 c - a +0 helmet (worn)
 p - a +0 chain mail
 v - a +0 scale mail (worn)
Jewellery
 i - a ring of protection from fire (left hand)
 q - a ring of fire
 w - a ring of poison resistance (right hand)
 y - a ring of positive energy
Scrolls
 h - 5 scrolls of teleportation {unknown}
 j - 4 scrolls of identify {unknown}
 n - a scroll of fog {unknown}
 o - a scroll of enchant armour {unknown}
 s - a scroll of silence {unknown}
 t - 2 scrolls of poison {unknown}
 u - a scroll of immolation {unknown}
 x - a scroll of revelation {unknown}
Potions
 k - a potion of magic {unknown}
 l - a potion of ambrosia {unknown}
 m - 2 potions of curing {unknown}
 r - 2 potions of degeneration {unknown}


   Skills:
 + Level 5.0 Fighting
 + Level 2.0 Short Blades
 + Level 2.0 Long Blades
 + Level 6.8 Axes
 + Level 2.0 Maces & Flails
 + Level 2.0 Polearms
 + Level 2.0 Staves
 + Level 2.0 Ranged Weapons
 + Level 5.0 Throwing
 + Level 2.0 Armour
 + Level 6.8 Dodging
 + Level 2.0 Stealth
 + Level 2.0 Shields
 + Level 2.0 Unarmed Combat
 + Level 2.0 Spellcasting
 + Level 1.5 Conjurations
 + Level 1.5 Hexes
 + Level 1.5 Summonings
 + Level 1.5 Necromancy
 + Level 1.5 Translocations
 + Level 1.5 Transmutations
 + Level 1.5 Fire Magic
 + Level 1.5 Ice Magic
 + Level 1.5 Air Magic
 + Level 1.5 Earth Magic
 + Level 1.5 Poison Magic
 + Level 2.1 Invocations
 + Level 2.0 Evocations
 + Level 1.7 Shapeshifting


You had 9 spell levels left.
You didn't know any spells.
Your spell library contained the following spells:

 Spells                   Type           Power      Damage    Failure   Level
 Call Canine Familiar     Summ           2%         N/A       92%         3
 Sigil of Binding         Hex            2%         N/A       92%         3
 Dimensional Bullseye     Hex/Tloc       1%         N/A       100%        4
 Leda's Liquefaction      Hex/Erth       1%         N/A       100%        4


Dungeon Overview and Level Annotations

Branches:
Dungeon (4/15) Zot: 21256  Temple (1/1) D:4 Zot: 5950

Altars:
Ashenzari
Fedhas
Kikubaaqudgha
Okawaru
Qazlal
Ru
Sif Muna
Trog
Uskayaw
Vehumet
Xom
Yredelemnul
Zin
Jiyva

Annotations:
D:4 Natasha


Innate Abilities, Weirdness & Mutations

You have very sharp teeth.
Your uncanny sense of smell can sniff out nearby items.
Your experience applies equally to all skills.


Message History

The cerulean imp closely misses you. Natasha closely misses you.
The cerulean imp barely misses you.
You closely miss Natasha.
Natasha is severely wounded.
The cerulean imp hits you from afar with a +2 spear.
* * * LOW HITPOINT WARNING * * *
Natasha barely misses you. The cerulean imp barely misses you.
You completely miss Natasha.
Natasha is severely wounded.
The cerulean imp hits you from afar with a +2 spear.
* * * LOW HITPOINT WARNING * * *
You hear a distant slurping noise.
Natasha closely misses you. The cerulean imp closely misses you.
The cerulean imp hits you but does no damage.
You miss Natasha.
Natasha is severely wounded.
Natasha barely misses you.
The cerulean imp hits you from afar with a +2 spear.
* * * LOW HITPOINT WARNING * * *
The cerulean imp barely misses you.
You hit Natasha.
Natasha is almost dead.
The cerulean imp disappears in a puff of smoke!
Natasha misses you.
The cerulean imp hits you from afar with a +2 spear.
* * * LOW HITPOINT WARNING * * *
The cerulean imp hits you from afar with a +0 spear.
* * * LOW HITPOINT WARNING * * *
Okay, then.
You aren't carrying any items that you can evoke.
Throw: javelin
Press: ? - help, Q - select action, (/) - cycle Shift-Dir - straight line, f - Natasha
Aim: Natasha (almost dead, 51% to hit)
You throw a javelin.
The javelin pierces through Natasha but does no damage.
Natasha is almost dead.
The javelin closely misses the cerulean imp.
Natasha claws you but does no damage.
The cerulean imp hits you from afar with a +2 spear.
You die...

.§§...§≈..# §≈.....≈..#
...≈.≈...+########...
..≈≈.≈≈....##........
#.....§§...#..#...#..
##.........#.######
###..##....#...### #
#.###....#.###.## #
#.#.'.......#.@.#
###.#.#.....#...#h5.....
...........###.###5#.###
###.##.......### .# #
#........### .
#####.....# ## #.......
####..... #####


You could see Natasha and 2 cerulean imps.

Vanquished Creatures
  A howler monkey (D:4)
  2 hounds (D:4)
  Jessica (D:3)
  A sleepcap (D:2)
  4 gnolls
  An adder (D:3)
  A dart slug (D:3)
  2 worms (D:3)
  4 orcs
  5 bats
  7 endoplasms
  3 giant cockroaches
  12 goblins
  7 hobgoblins
  7 jackals
  7 quokkas
  7 ball pythons
  4 kobolds
  14 rats
90 creatures vanquished.

Vanquished Creatures (others)
  A hobgoblin (D:4)
1 creature vanquished.

Grand Total: 91 creatures vanquished

Notes
Turn   | Place    | Note
-------+----------+-------------------------------------------
     0 | D:1      | lessens the Gnoll Gladiator began the quest for the Orb.
     0 | D:1      | Reached XP level 1. HP: 20/20 MP: 1/1
   183 | D:1      | Reached XP level 2. HP: 26/26 MP: 2/2
   510 | D:1      | Reached XP level 3. HP: 31/31 MP: 3/3
   950 | D:2      | Reached skill level 1 in Invocations
   990 | D:2      | Reached skill level 1 in Short Blades
   990 | D:2      | Reached skill level 1 in Long Blades
   990 | D:2      | Reached skill level 1 in Maces & Flails
   990 | D:2      | Reached skill level 1 in Polearms
   990 | D:2      | Reached skill level 1 in Staves
   990 | D:2      | Reached skill level 1 in Ranged Weapons
   990 | D:2      | Reached skill level 1 in Armour
   990 | D:2      | Reached skill level 1 in Stealth
   990 | D:2      | Reached skill level 1 in Shields
   990 | D:2      | Reached skill level 1 in Unarmed Combat
   990 | D:2      | Reached skill level 1 in Spellcasting
   990 | D:2      | Reached skill level 1 in Evocations
   990 | D:2      | Reached skill level 1 in Shapeshifting
   990 | D:2      | Reached XP level 4. HP: 15/38 MP: 5/5
  1540 | D:3      | Found a shimmering altar of Xom.
  1542 | D:3      | Reached skill level 1 in Conjurations
  1542 | D:3      | Reached skill level 1 in Hexes
  1542 | D:3      | Reached skill level 1 in Summonings
  1542 | D:3      | Reached skill level 1 in Necromancy
  1542 | D:3      | Reached skill level 1 in Translocations
  1542 | D:3      | Reached skill level 1 in Transmutations
  1542 | D:3      | Reached skill level 1 in Fire Magic
  1542 | D:3      | Reached skill level 1 in Ice Magic
  1542 | D:3      | Reached skill level 1 in Air Magic
  1542 | D:3      | Reached skill level 1 in Earth Magic
  1542 | D:3      | Reached skill level 1 in Poison Magic
  1897 | D:3      | Noticed Jessica
  1900 | D:3      | Killed Jessica
  1901 | D:3      | Reached XP level 5. HP: 43/43 MP: 5/7
  2287 | D:4      | Reached XP level 6. HP: 27/50 MP: 8/8
  2599 | D:4      | Found a staircase to the Ecumenical Temple.
  2609 | Temple   | Entered the Ecumenical Temple
  2646 | Temple   | Became a worshipper of Jiyva Jagec the Shapeless
  2694 | D:4      | Found an ancient bone altar of Kikubaaqudgha.
  2737 | D:4      | Noticed Natasha
  2745 | D:4      | Reached skill level 5 in Fighting
  2745 | D:4      | Reached skill level 5 in Throwing
  2752 | D:4      | HP: 1/51 [cerulean imp/+0 spear[Natasha] (2)]
  2753 | D:4      | Slain by a cerulean imp

Illustrated notes

Levels and vault maps discovered:
D:1:      mainiacjoe_arrival_reflecting_pool, layout_basic, kennysheep_boxes
D:2:      layout_rooms
D:3:      layout_loops_ring, mainiacjoe_overflow_boulevard,
          hangedman_glass_garden, uniq_jessica
D:4:      layout_basic, nzn_hepliaklqana_mist_gate,
          mainiacjoe_overflow_24_doors, nicolae_gozag_seed_capital,
          marbit_many_paths, mainiacjoe_overflow_small_starburst,
          minmay_temple_entry_waves, minmay_between, uniq_natasha
Temple:   pf_slime_end_temple

Skill      XL: |  1  2  3  4  5  6 |
---------------+-------------------+-----
Invocations    | 1 2 |  2.1
Short Blades   | 1 2 |  2.0
Long Blades    | 1 2 |  2.0
Maces & Flails | 1 2 |  2.0
Polearms       | 1 2 |  2.0
Staves         | 1 2 |  2.0
Ranged Weapons | 1 2 |  2.0
Armour         | 1 2 |  2.0
Stealth        | 1 2 |  2.0
Shields        | 1 2 |  2.0
Unarmed Combat | 1 2 |  2.0
Spellcasting   | 1 2 |  2.0
Evocations     | 1 2 |  2.0
Shapeshifting  | 1 |  1.7
Conjurations   | 1 |  1.5
Hexes          | 1 |  1.5
Summonings     | 1 |  1.5
Necromancy     | 1 |  1.5
Translocations | 1 |  1.5
Transmutations | 1 |  1.5
Fire Magic     | 1 |  1.5
Ice Magic      | 1 |  1.5
Air Magic      | 1 |  1.5
Earth Magic    | 1 |  1.5
Poison Magic   | 1 |  1.5
Fighting       | 5 |  5.0
Throwing       | 5 |  5.0
Axes           | |  6.8
Dodging        | |  6.8

Action                     |  1- 3 |  4- 6 || total
---------------------------+-------+-------++-------
  Melee: War axe           |   103 |   136 ||   239
         Punch             |     2 |     4 ||     6
         Bite              |     3 |    12 ||    15
  Throw: Dart              |       |     3 ||     3
         Javelin           |       |     1 ||     1
   Stab: Sleeping          |     1 |       ||     1
 Armour: Leather armour    |    33 |       ||    33
         Chain mail        |    19 |    36 ||    55
         Scale mail        |       |    79 ||    79
  Dodge: Dodged            |    70 |    99 ||   169

Table legend: (Time is in decaauts)
 A = Elapsed time spent in this place.
 B = Non-inter-level travel time spent in this place.
 C = Inter-level travel time spent in this place.
 D = Time resting spent in this place.
 E = Time spent auto-exploring this place.
 F = Levels seen in this place.
 G = Mean time per level.
                   A        B        C        D        E       F      G
               +--------+--------+--------+--------+--------+-----+--------+
         Total |   2792 |   2706 |     86 |      0 |   2049 |   5 |  558.4 |
       Dungeon |   2742 |   2684 |     58 |      0 |   2034 |   4 |  685.5 |
        Temple |     49 |     21 |     28 |      0 |     15 |   1 |   49.0 |
               +--------+--------+--------+--------+--------+-----+--------+

Top non-repeatable levels by time:
     D:3: 909 daAuts
     D:1: 837 daAuts
     D:2: 668 daAuts
     D:4: 327 daAuts
  Temple: 49 daAuts

Levels and vault maps discovered:
D:1:      mainiacjoe_arrival_reflecting_pool, layout_basic, kennysheep_boxes
D:2:      layout_rooms
D:3:      layout_loops_ring, mainiacjoe_overflow_boulevard,
          hangedman_glass_garden, uniq_jessica
D:4:      layout_basic, nzn_hepliaklqana_mist_gate,
          mainiacjoe_overflow_24_doors, nicolae_gozag_seed_capital,
          marbit_many_paths, mainiacjoe_overflow_small_starburst,
          minmay_temple_entry_waves, minmay_between, uniq_natasha
Temple:   pf_slime_end_temple
